 Dungeon Crawl Stone Soup version 0.27.0-1-g7a089689b8 (webtiles) character file.

Game seed: 11656080970265516170

521 inmateoo the Ducker (level 7, 0/54 HPs)
             Began as a Demonspawn Gladiator on Aug 6, 2021.
             Was an Initiate of Cheibriados.
             Slain by Duvessa (9 damage)
             ... on level 5 of the Dungeon.
             The game lasted 00:07:06 (5653 turns).

inmateoo the Ducker (Demonspawn Gladiator)          Turns: 5653, Time: 00:07:07

Health: 0/54       AC:  6    Str: 14 (15) XL:     7   Next: 1%
Magic:  7/7        EV: 13    Int: 11 (13) God:    Cheibriados [......]
Gold:   253        SH:  0    Dex: 14 (15) Spells: 6/6 levels left

rFire    . . .     SeeInvis .   a - +2 short sword (elec)
rCold    . . .     Faith    .   (no shield)
rNeg     . . .     Spirit   .   b - +0 leather armour
rPois    .         Reflect  .   (helmet restricted)
rElec    .         Harm     .   (no cloak)
rCorr    .         Rampage  .   h - +2 pair of gloves
Will     .....                  (no boots)
Stlth    +.........             (no amulet)
HPRegen  0.18/turn              (no ring)
MPRegen  0.10/turn              (no ring)

@: mighty, very slow
A: antennae 1, ignite blood 1, demonic magic 1
a: Renounce Religion, Bend Time


You were on level 5 of the Dungeon.
You worshipped Cheibriados.
Cheibriados was noncommittal.
You visited 2 branches of the dungeon, and saw 6 of its levels.

You collected 253 gold pieces.

Inventory:

Hand Weapons
 a - a +2 short sword of electrocution (weapon)
 e - a +4 short sword of chaos
Missiles
 d - 3 throwing nets (quivered)
Armour
 b - a +0 leather armour (worn)
 h - a +2 pair of gloves (worn)
Jewellery
 j - a ring of wizardry
 l - a ring of positive energy
Wands
 k - a wand of paralysis (6)
Scrolls
 m - a scroll of enchant armour {unknown}
Potions
 c - a potion of degeneration
 g - a potion of ambrosia
 o - a potion of curing {unknown}


   Skills:
 + Level 4.1 Fighting
 - Level 3.3 Polearms
 - Level 1.7 Throwing
 + Level 4.3 Dodging
 * Level 4.1 Unarmed Combat


You had 6 spell levels left.
You didn't know any spells.
Your spell library contained the following spells:

 Spells                   Type           Power      Damage    Failure   Level
 Passwall                 Tmut/Erth      0%         N/A       56%         2
 Swiftness                Air            0%         N/A       80%         3
 Invisibility             Hex            0%         N/A       100%        6


Dungeon Overview and Level Annotations

Branches:
Dungeon (5/15)             Temple (1/1) D:5

Altars:
Cheibriados
Dithmenos
Elyvilon
Gozag
Hepliaklqana
Makhleb
Nemelex Xobeh
Okawaru
Qazlal
Ru
Sif Muna
Trog
Uskayaw
Vehumet
Xom
Yredelemnul
Zin
The Shining One

Shops:
D:1 :   D:2 [[   D:4 [

Annotations:
D:2 Sigmund
D:4 Natasha
D:5 1 transporter, Dowan; Duvessa; Leeroy's ghost, novice DjWr


Innate Abilities, Weirdness & Mutations

You have a pair of small antennae on your head.
Your demonic aura sometimes causes spilled blood to erupt in flames.
Spells you cast may paralyse adjacent enemies.


Message History

You feel much better. Duvessa hits you but does no damage.
You barely miss Duvessa.
Duvessa is heavily wounded.
Duvessa barely misses you.
Dowan mumbles some strange words.
Dowan blinks!
Duvessa hits you but does no damage.
You closely miss Duvessa.
Duvessa is heavily wounded.
Duvessa says, "When magic and the sword combine, nothing stands against them."
Duvessa hits you with a +0 short sword. x2
You hit Duvessa but do no damage.
Duvessa is heavily wounded.
You feel less wooden.
Your +2 pair of gloves unmelds from your body.
Your +0 leather armour unmelds from your body.
Duvessa hits you with a +0 short sword!
* * * LOW HITPOINT WARNING * * *
You completely miss Duvessa.
Duvessa is heavily wounded.
Duvessa misses you. Duvessa hits you but does no damage.
You hit Duvessa. Lightning courses through Duvessa!
Duvessa is severely wounded.
Duvessa misses you. Duvessa barely misses you.
You hit Duvessa but do no damage.
Duvessa is severely wounded.
Duvessa hits you with a +0 short sword!
* * * LOW HITPOINT WARNING * * *
Dowan casts a spell.
Dowan blinks!
You closely miss Duvessa.
Duvessa is severely wounded.
Duvessa hits you but does no damage. Duvessa closely misses you.
It was a potion of degeneration.
There was something very wrong with that liquid.
You feel weakened.
You feel dopey.
You feel clumsy. Duvessa hits you but does no damage.
It was a potion of might.
You feel very mighty all of a sudden. Duvessa hits you with a +0 short sword!
You die...

#..#....# ###..(....
#.......#.##........
#..........+........
#...#...#.##........
#...##..#.# #.......
#.........# ##.....#
###.####### ##...##
#e# ##'## #@# ##.##
#.# #...## #.#
#..... #.# ##...##
#.###### #......
#......# #....##
######.# #.#.###
#.#####.#.# #
#>........# #


You could see Duvessa (fast).

Vanquished Creatures
  A scorpion (D:5)
  A bullfrog zombie (D:5)
  An orc priest (D:4)
  Jessica (D:3)
  An iguana (D:5)
  Ijyb (D:4)
  2 orc wizards
  A hound skeleton (D:3)
  Robin (D:3)
  10 adders
  4 gnolls
  A shadow imp (D:5)
  2 ufetubi
  3 worms
  4 orcs
  5 ball pythons
  9 endoplasms
  3 giant cockroaches
  11 goblins
  8 hobgoblins
  4 jackals (D:1)
  12 kobolds
  4 quokkas
  3 bats
  3 frilled lizards
  A jackal skeleton (D:4)
  2 rats (D:1)
99 creatures vanquished.

Notes
Turn   | Place    | Note
-------+----------+-------------------------------------------
     0 | D:1      | inmateoo the Demonspawn Gladiator began the quest for the
                  | Orb.
     0 | D:1      | Reached XP level 1. HP: 16/16 MP: 1/1
   240 | D:1      | Gained mutation: Spells you cast may paralyse adjacent
                  | enemies. [demonic ancestry]
   240 | D:1      | Reached XP level 2. HP: 22/22 MP: 2/2
   321 | D:1      | Found a faded altar of an unknown god.
   593 | D:1      | Found Eluemuw's Book Shop.
   640 | D:2      | Reached XP level 3. HP: 22/28 MP: 3/3
   901 | D:2      | Found Xylac's Armour Shoppe.
  1224 | D:2      | Reached skill level 1 in Unarmed Combat
  1527 | D:2      | Gained mutation: You have a pair of small antennae on your
                  | head. [demonic ancestry]
  1527 | D:2      | Reached XP level 4. HP: 33/34 MP: 4/4
  1809 | D:2      | Noticed Sigmund
  1955 | D:2      | Found Jatalop's Armour Shop.
  2389 | D:3      | Reached XP level 5. HP: 31/41 MP: 5/5
  2953 | D:3      | Noticed Jessica
  2958 | D:3      | Killed Jessica
  3216 | D:3      | Noticed Robin
  3234 | D:3      | Killed Robin
  3514 | D:4      | Found Laiwnu Yzao's Armour Boutique.
  3610 | D:4      | Reached XP level 6. HP: 18/47 MP: 6/6
  3850 | D:4      | Noticed Ijyb
  3856 | D:4      | Killed Ijyb
  4429 | D:4      | Noticed Natasha
  4649 | D:5      | Entered Level 5 of the Dungeon
  4796 | D:5      | Noticed Leeroy's ghost (novice DjWr)
  5049 | D:5      | Found a transporter.
  5106 | D:5      | Found a staircase to the Ecumenical Temple.
  5173 | Temple   | Entered the Ecumenical Temple
  5277 | Temple   | Became a worshipper of Cheibriados the Contemplative
  5450 | D:5      | Gained mutation: Your demonic aura sometimes causes spilled
                  | blood to erupt in flames. [demonic ancestry]
  5450 | D:5      | Reached XP level 7. HP: 39/54 MP: 7/7
  5616 | D:5      | Noticed Duvessa
  5616 | D:5      | Noticed Dowan
  5653 | D:5      | Slain by Duvessa

Illustrated notes

Levels and vault maps discovered:
D:1:      dpeg_arrival_shelter, layout_rooms,
          hellmonk_ecumenical_altar_inner_sanctum, serial_shops,
          nicolae_square_shop
D:2:      layout_basic, serial_shops, shop, shop, uniq_sigmund
D:3:      layout_loops_ring, st_stairs_2, minmay_vboxes, uniq_robin,
          uniq_jessica
D:4:      layout_cave_pools, serial_shops, nicolae_lakefront_shop,
          hangedman_abyss_or_decor_stabs, minmay_misc_feat_rugged, uniq_natasha,
          uniq_ijyb
D:5:      layout_loops_corners, temple_hall, gammafunk_ghost_hive, st_stairs_3,
          uniq_duvessa
Temple:   kilobyte_greek_temple

Skill      XL: |  1  2  3  4  5  6 |
---------------+-------------------+-----
Polearms       | 3 |  3.3
Dodging        | 3 4 |  4.3
Unarmed Combat | 1 2 3 4 |  4.1
Fighting       | 3 4 |  4.1
Throwing       | |  1.7

Action                   |  1- 3 |  4- 6 |  7- 9 || total
-------------------------+-------+-------+-------++-------
Melee: Trident           |    14 |       |       ||    14
       Short sword       |    64 |   221 |    28 ||   313
       Punch             |       |     2 |       ||     2
  Use: Scroll            |     3 |     2 |       ||     5
       Potion            |       |     1 |     4 ||     5
 Stab: Sleeping          |     1 |       |       ||     1
Armor: Leather armour    |    21 |    47 |     5 ||    73
       Skin              |       |     5 |    15 ||    20
Dodge: Dodged            |    39 |   144 |    10 ||   193
